Rafales vs Mulligans
Created - 13 décembre 2016 at 21:24
Goals
|
| Rafales |
0 |
3 |
3 |
6 |
| Mulligans |
1 |
1 |
2 |
4 |
|
Shots
|
| Rafales |
7 |
18 |
16 |
41 |
| Mulligans |
11 |
14 |
20 |
45 |
|
1st period
1. Mulligans , Chris Neil 13 (Nick Bonino, Thomas Hickey) at 4:38
Penalties :
Milan Bartovic (Stf) for High sticking (Minor) at 6:40, Nick Bonino (Rep) for Slashing (Minor) at 12:21
2nd period
2. Rafales , Milan Bartovic 6 (Cody McLeod, Mike Zigomanis) at 0:14
3. Rafales , Cody McLeod 18 (Connor Murphy, Milan Bartovic) at 1:04
4. Rafales , Johan Ryno 5 (Michael Bournival, Connor Murphy) at 13:01
5. Mulligans , Eric Tangradi 10 (Michael Del Zotto) at 16:06
Penalties :
No Penalty
3rd period
6. Rafales , Jonas Junland 2 (Nathan Davis, Mark Fayne) at 1:34 (PP)
7. Rafales , Cody McLeod 19 (Mike Zigomanis, Matt Gilroy) at 13:53 (PP)
8. Mulligans , Drayson Bowman 8 (Tim Schaller, Michael Del Zotto) at 14:50
9. Mulligans , Logan Shaw 3 (Michael Del Zotto, Jan Hlavac) at 16:20
10. Rafales , Milan Bartovic 7 (Cody McLeod, Mike Zigomanis) at 19:22 (Empty Net)
Penalties :
Michael Del Zotto (Rep) for Holding (Minor) at 0:36, Matt Beleskey (Rep) for Roughing (Minor) at 5:40, Matt Beleskey (Rep) for Hooking (Minor) at 9:06, Logan Shaw (Rep) for Roughing (Minor) at 12:49
Goalie Stats
John Gibson (Stf), 41 saves from 45 shots - (0,911), W, 9-6-2, 60:00 minutes
Calvin Pickard (Rep), 35 saves from 40 shots - (0,875), L, 8-2-0, 59:38 minutes
Players Stats for Rafales
Player Name G A P +/- PIM S H SB GA TA FO MP PP MP PK MP
------------------------------------------------------------------------------------
Cody McLeod 2 2 4 3 0 5 1 1 1 0 0/0 24:08 3:49 1:06
Connor Murphy 0 2 2 2 0 1 1 3 0 2 0/0 29:49 4:44 1:12
Jeff Skinner 0 0 0 -3 0 2 1 0 0 0 0/0 18:13 4:01 0:18
Johan Ryno 1 0 1 1 0 1 0 0 0 0 0/0 4:57 0:00 0:00
Jonas Junland 1 0 1 -2 0 2 2 0 0 1 0/0 19:34 3:15 0:47
Jonathan Rheault 0 0 0 -3 0 4 0 1 0 0 1/3 13:51 0:00 0:00
Kevin Veilleux 0 0 0 0 0 1 2 0 0 0 2/6 7:02 0:00 0:00
Marc-André Gragnani 0 0 0 -1 0 1 0 1 0 1 0/0 10:11 0:00 0:00
Mark Fayne 0 1 1 0 0 1 0 1 0 0 0/0 13:30 3:15 0:00
Matt Gilroy 0 1 1 2 0 4 2 2 1 0 0/0 28:55 4:44 0:47
Michael Bournival 0 1 1 0 0 0 0 0 0 1 0/0 10:30 4:01 0:00
Mike Sislo 0 0 0 0 0 4 1 0 0 0 0/2 11:31 0:09 0:35
Mike Zigomanis 0 3 3 2 0 4 2 1 0 0 20/44 24:48 3:52 1:06
Milan Bartovic 2 1 3 3 2 5 0 0 0 1 2/4 22:46 3:52 0:00
Nathan Davis 0 1 1 0 0 2 3 1 1 0 7/12 14:04 4:01 0:00
Ryan Bourque 0 0 0 -3 0 0 0 1 0 0 2/11 14:29 0:06 0:18
Tim Crowder 0 0 0 0 0 2 0 1 0 0 0/0 11:41 0:06 0:35
Willie Mitchell 0 0 0 -1 0 2 2 0 0 1 0/0 18:01 0:00 1:12
Players Stats for Mulligans
Player Name G A P +/- PIM S H SB GA TA FO MP PP MP PK MP
------------------------------------------------------------------------------------
Anton Lander 0 0 0 1 0 1 0 0 0 0 8/17 16:26 0:49 2:11
Cade Fairchild 0 0 0 1 0 1 2 0 0 0 0/0 10:54 0:00 2:38
Chris Neil 1 0 1 -2 0 6 0 0 2 0 0/1 19:30 1:10 1:20
Cody Goloubef 0 0 0 0 0 1 1 0 0 1 0/0 13:55 0:00 4:29
Drayson Bowman 1 0 1 1 0 5 1 0 0 0 1/2 12:07 0:00 2:08
Eric Tangradi 1 0 1 1 0 4 1 0 0 0 1/2 15:37 0:49 1:16
Gord Baldwin 0 0 0 0 0 0 0 2 0 0 0/0 0:57 0:00 0:00
Jan Hlavac 0 1 1 0 0 5 0 1 2 0 0/0 14:29 0:00 4:35
Jonathan Tremblay 0 0 0 1 0 3 2 0 1 0 1/1 14:15 0:49 0:00
Jordan Szwarz 0 0 0 1 0 0 2 0 0 0 1/1 9:59 0:00 0:00
Logan Shaw 1 0 1 0 2 2 3 1 0 0 2/2 9:36 0:00 0:00
Matt Beleskey 0 0 0 -2 4 0 2 1 0 0 1/2 18:08 1:10 0:00
Matt Donovan 0 0 0 1 0 2 0 1 0 1 0/0 24:52 0:41 5:16
Matt Niskanen 0 0 0 -2 0 1 0 3 1 1 0/0 22:43 1:18 0:09
Michael Del Zotto 0 3 3 -2 2 2 0 1 0 0 0/0 22:27 1:18 0:00
Nick Bonino 0 1 1 -2 2 5 5 0 0 0 21/34 17:46 1:10 0:00
Nick Shore 0 0 0 0 0 0 0 0 0 0 3/5 9:37 0:00 0:00
Oliver Lauridsen 0 0 0 1 0 0 1 0 0 0 0/0 6:21 0:00 0:52
Thomas Hickey 0 1 1 1 0 2 0 1 1 0 0/0 17:50 0:41 2:34
Tim Schaller 0 1 1 1 0 5 0 0 0 0 9/15 14:27 0:00 4:28
3 Stars
1 - Cody McLeod (Stf)
2 - Milan Bartovic (Stf)
3 - Mike Zigomanis (Stf)
Power Play
Rafales - 2 on 5 Attempt(s) - 40,00%
Mulligans - 0 on 1 Attempt(s) - 0,00%
Penalty Kill
Rafales - 1 on 1 Attempt(s) - 100,00%
- Score 0 goal in Penalty Kill
Mulligans - 3 on 5 Attempt(s) - 60,00%
- Score 0 goal in Penalty Kill
Team Stat
Rafales - Hits : 17 - Faceoff Wins : 34 - Blocked Shots : 13 - Penalty Minutes : 2
Mulligans - Hits : 20 - Faceoff Wins : 48 - Blocked Shots : 11 - Penalty Minutes : 10
Official
Referees : Charron Francis and Auger Stephane
Linesman : Jonny Murray and Tony Sericolo
Game Notes
Gord Baldwin is injured at 4:28 of 1st period (Sprained Right Ankle)
Johan Ryno is injured at 15:34 of 2nd period (Left Foot)
Milan Bartovic has scored in a empty net!
Finance
Level 1 -- Attendance: 1445 (72,25%) -- Ticket Income 28 900 $
Level 2 -- Attendance: 737 (73,70%) -- Ticket Income 5 159 $
Total Attendance: 2182 (72,73%)
Total Ticket Income: 34 059 $
Other Income: 1 703 $
Total Income: 35 762 $
Rafales
5 vs 5 Forward
Center Left Wing Right Wing Time % Phy DF OF
1 Mike Zigomanis Cody McLeod Milan Bartovic 40 0 0 5
2 Ryan Bourque Jeff Skinner Jonathan Rheault 30 0 0 5
3 Nathan Davis Mike Sislo Tim Crowder 20 0 0 5
4 Kevin Veilleux Michael Bournival Johan Ryno 10 0 0 5
5 vs 5 Defense
Defense Defense Time % Phy DF OF
1 Connor Murphy Matt Gilroy 40 1 2 2
2 Willie Mitchell Jonas Junland 30 1 2 2
3 Marc-André Gragnani Mark Fayne 20 1 2 2
4 Connor Murphy Matt Gilroy 10 1 2 2
PowerPlay Forward
Center Left Wing Right Wing Time % Phy DF OF
1 Mike Zigomanis Cody McLeod Milan Bartovic 60 1 0 4
2 Nathan Davis Michael Bournival Jeff Skinner 40 1 0 4
PowerPlay Defense
Defense Defense Time % Phy DF OF
1 Connor Murphy Matt Gilroy 60 1 0 4
2 Mark Fayne Jonas Junland 40 1 0 4
Penalty Kill 4 Players Forward
Center Wing Time % Phy DF OF
1 Mike Zigomanis Cody McLeod 60 1 3 1
2 Milan Bartovic Mike Sislo 40 1 3 1
Penalty Kill 4 Players Defense
Defense Defense Time % Phy DF OF
1 Connor Murphy Willie Mitchell 60 2 3 0
2 Matt Gilroy Jonas Junland 40 2 3 0
Penalty Kill - 3 Players Forward
Forward Time % Phy DF OF
1 Mike Zigomanis 60 1 4 0
2 Cody McLeod 40 1 4 0
Penalty Kill - 3 Players Defense
Defense Defense Time % Phy DF OF
1 Mark Fayne Willie Mitchell 60 2 3 0
2 Matt Gilroy Jonas Junland 40 2 3 0
4 vs 4 Forward
Center Wing Time % Phy DF OF
1 Mike Zigomanis Cody McLeod 60 1 1 3
2 Milan Bartovic Jeff Skinner 40 1 1 3
4 vs 4 Defense
Defense Defense Time % Phy DF OF
1 Connor Murphy Mark Fayne 60 1 3 1
2 Matt Gilroy Jonas Junland 40 1 3 1
Last Minutes Offensive
Center Left Wing Right Wing Defense Defense
Mike Zigomanis Cody McLeod Milan Bartovic Matt Gilroy Connor Murphy
Last Minutes Defensive
Center Left Wing Right Wing Defense Defense
Mike Zigomanis Cody McLeod Milan Bartovic Willie Mitchell Mark Fayne
Goaltenders
Starting : John Gibson
Backup : Philipp Grubauer
Extra Forwards
Normal : Jeff Skinner, Mike Zigomanis, Michael Bournival - PP : Jeff Skinner, Nathan Davis - PK : Tim Crowder
Extra Defensemen
Normal : Connor Murphy, Mark Fayne, Matt Gilroy - PP : Matt Gilroy - PK : Mark Fayne, Matt Gilroy
Penalty Shots
Mike Zigomanis, Cody McLeod, Milan Bartovic, Tim Crowder, Jeff Skinner
Mulligans
5 vs 5 Forward
Center Left Wing Right Wing Time % Phy DF OF
1 Nick Bonino Matt Beleskey Chris Neil 35 1 2 2
2 Anton Lander Eric Tangradi Jonathan Tremblay 30 0 2 3
3 Tim Schaller Drayson Bowman Jordan Szwarz 20 0 3 2
4 Nick Shore Jan Hlavac Logan Shaw 15 0 3 2
5 vs 5 Defense
Defense Defense Time % Phy DF OF
1 Michael Del Zotto Matt Niskanen 40 1 2 2
2 Thomas Hickey Gord Baldwin 30 1 2 2
3 Matt Donovan Cody Goloubef 20 1 2 2
4 Cade Fairchild Oliver Lauridsen 10 1 2 2
PowerPlay Forward
Center Left Wing Right Wing Time % Phy DF OF
1 Nick Bonino Matt Beleskey Chris Neil 60 1 2 2
2 Anton Lander Eric Tangradi Jonathan Tremblay 40 1 2 2
PowerPlay Defense
Defense Defense Time % Phy DF OF
1 Michael Del Zotto Matt Niskanen 60 1 2 2
2 Thomas Hickey Gord Baldwin 40 1 2 2
Penalty Kill 4 Players Forward
Center Wing Time % Phy DF OF
1 Tim Schaller Jan Hlavac 60 0 4 1
2 Anton Lander Drayson Bowman 40 0 4 1
Penalty Kill 4 Players Defense
Defense Defense Time % Phy DF OF
1 Matt Donovan Gord Baldwin 60 1 4 0
2 Thomas Hickey Cody Goloubef 40 1 4 0
Penalty Kill - 3 Players Forward
Forward Time % Phy DF OF
1 Jan Hlavac 60 1 2 2
2 Chris Neil 40 1 2 2
Penalty Kill - 3 Players Defense
Defense Defense Time % Phy DF OF
1 Matt Donovan Gord Baldwin 60 1 2 2
2 Thomas Hickey Cody Goloubef 40 1 2 2
4 vs 4 Forward
Center Wing Time % Phy DF OF
1 Nick Bonino Drayson Bowman 60 0 2 3
2 Chris Neil Matt Beleskey 40 1 2 2
4 vs 4 Defense
Defense Defense Time % Phy DF OF
1 Michael Del Zotto Matt Niskanen 60 1 2 2
2 Thomas Hickey Gord Baldwin 40 1 2 2
Last Minutes Offensive
Center Left Wing Right Wing Defense Defense
Nick Bonino Matt Beleskey Chris Neil Michael Del Zotto Matt Niskanen
Last Minutes Defensive
Center Left Wing Right Wing Defense Defense
Anton Lander Jan Hlavac Chris Neil Gord Baldwin Matt Donovan
Goaltenders
Starting : Calvin Pickard
Backup : Anders Lindback
Extra Forwards
Normal : Drayson Bowman, Jordan Szwarz, Matt Beleskey - PP : Drayson Bowman, Jordan Szwarz - PK : Chris Neil
Extra Defensemen
Normal : Matt Donovan, Cody Goloubef, Cade Fairchild - PP : Matt Donovan - PK : Cody Goloubef, Cade Fairchild
Penalty Shots
Jan Hlavac, Chris Neil, Nick Bonino, Matt Beleskey, Jonathan Tremblay
% Time on Ice - Rafales
Lines # - Real PCT - Wanted PCT - Time Play
Normal Forward
1 - 37% - 40% - 18:31
2 - 28% - 30% - 14:00
3 - 20% - 20% - 10:03
4 - 14% - 10% - 7:02
Normal Defense
1 - 42% - 40% - 20:51
2 - 33% - 30% - 16:08
3 - 19% - 20% - 9:35
4 - 6% - 10% - 3:02
PP Forward
1 - 50% - 60% - 3:58
2 - 50% - 40% - 4:01
PP Defense
1 - 59% - 60% - 4:44
2 - 41% - 40% - 3:15
PK Forward
1 - 71% - 60% - 1:24
2 - 29% - 40% - 0:35
PK Defense
1 - 61% - 60% - 1:12
2 - 39% - 40% - 0:47
PK3 Forward
1 - 0% - 60%
2 - 0% - 40%
PK3 Defense
1 - 0% - 60%
2 - 0% - 40%
44 Forward
1 - 0% - 60%
2 - 0% - 40%
44 Defense
1 - 0% - 60%
2 - 0% - 40%
Last Minute Offensive - 0:00
Last Minute Defensive - 0:26
Total
Forward - 60:00
Defense - 60:00
|
% Time on Ice - Mulligans
Lines # - Real PCT - Wanted PCT - Time Play
Normal Forward
1 - 33% - 35% - 16:34
2 - 27% - 30% - 13:26
3 - 20% - 20% - 9:59
4 - 19% - 15% - 9:37
Normal Defense
1 - 42% - 40% - 20:54
2 - 29% - 30% - 14:35
3 - 18% - 20% - 8:44
4 - 11% - 10% - 5:23
PP Forward
1 - 59% - 60% - 1:10
2 - 41% - 40% - 0:49
PP Defense
1 - 66% - 60% - 1:18
2 - 34% - 40% - 0:41
PK Forward
1 - 73% - 60% - 5:51
2 - 27% - 40% - 2:08
PK Defense
1 - 91% - 60% - 7:17
2 - 9% - 40% - 0:42
PK3 Forward
1 - 0% - 60%
2 - 0% - 40%
PK3 Defense
1 - 0% - 60%
2 - 0% - 40%
44 Forward
1 - 0% - 60%
2 - 0% - 40%
44 Defense
1 - 0% - 60%
2 - 0% - 40%
Last Minute Offensive - 0:26
Last Minute Defensive - 0:00
Total
Forward - 60:00
Defense - 60:00
|
Play by Play
1st period
0:01 of 1st period - Nick Bonino wins face-off versus Mike Zigomanis in neutral zone.
0:06 of 1st period - Michael Del Zotto is hit by Mike Zigomanis and loses puck.
0:25 of 1st period - Icing by Milan Bartovic.
0:26 of 1st period - Mike Zigomanis wins face-off versus Anton Lander in Rafales zone.
0:30 of 1st period - Icing by Cody McLeod.
0:31 of 1st period - Eric Tangradi wins face-off versus Jonathan Rheault in Rafales zone.
1:06 of 1st period - Snap shot by Jonathan Tremblay.
1:06 of 1st period - Stopped by John Gibson with a rebound.
1:08 of 1st period - Slapshot by Thomas Hickey.
1:08 of 1st period - Shot Blocked by Ryan Bourque.
1:10 of 1st period - Slapshot by Thomas Hickey.
1:10 of 1st period - Deflect By Eric Tangradi.
1:10 of 1st period - Shot Blocked by Matt Gilroy.
1:10 of 1st period - Puck is out of play.
1:11 of 1st period - Tim Schaller wins face-off versus Nathan Davis in Rafales zone.
1:24 of 1st period - Snap shot by Tim Crowder.
1:24 of 1st period - Shot Misses the Net.
1:26 of 1st period - Wrist shot by Nathan Davis.
1:26 of 1st period - Stopped by Calvin Pickard without a rebound.
1:27 of 1st period - Mike Zigomanis wins face-off versus Nick Shore in Mulligans zone.
3:17 of 1st period - Wrist shot by Nick Bonino.
3:17 of 1st period - Stopped by John Gibson without a rebound.
3:18 of 1st period - Nick Bonino wins face-off versus Mike Zigomanis in Rafales zone.
3:33 of 1st period - Snap shot by Nick Bonino.
3:33 of 1st period - Shot Misses the Net.
3:45 of 1st period - Wrist shot by Drayson Bowman.
3:45 of 1st period - Shot Blocked by Nathan Davis.
3:47 of 1st period - Backhand shot by Tim Schaller.
3:47 of 1st period - Stopped by John Gibson without a rebound.
3:48 of 1st period - Nathan Davis wins face-off versus Anton Lander in Rafales zone.
3:53 of 1st period - Eric Tangradi is hit by Mike Sislo and loses puck.
4:12 of 1st period - Wrist shot by Mike Sislo.
4:12 of 1st period - Stopped by Calvin Pickard with a rebound.
4:14 of 1st period - Slapshot by Nathan Davis.
4:14 of 1st period - Shot Misses the Net.
4:16 of 1st period - Slapshot by Matt Gilroy.
4:16 of 1st period - Stopped by Calvin Pickard without a rebound.
4:17 of 1st period - Mike Zigomanis wins face-off versus Nick Bonino in Mulligans zone.
4:22 of 1st period - Slapshot by Cody McLeod.
4:22 of 1st period - Deflect By Mike Zigomanis.
4:22 of 1st period - Shot Blocked by Gord Baldwin.
4:22 of 1st period - Puck is out of play.
4:23 of 1st period - Mike Zigomanis wins face-off versus Nick Bonino in Mulligans zone.
4:24 of 1st period - Snap shot by Milan Bartovic.
4:24 of 1st period - Shot Misses the Net.
4:26 of 1st period - Snap shot by Milan Bartovic.
4:26 of 1st period - Stopped by Calvin Pickard with a rebound.
4:28 of 1st period - Slapshot by Matt Gilroy.
4:28 of 1st period - Shot Blocked by Gord Baldwin.
4:28 of 1st period - Gord Baldwin from Mulligans is injured at 4:28 of 1st period (Sprained Right Ankle).
4:29 of 1st period - Ryan Bourque wins face-off versus Nick Bonino in Mulligans zone.
4:30 of 1st period - Wrist shot by Jeff Skinner.
4:30 of 1st period - Shot Blocked by Thomas Hickey.
4:38 of 1st period - Slapshot by Chris Neil.
4:38 of 1st period - Goal by Chris Neil - Rafales : 0 - Mulligans : 1.
4:39 of 1st period - Nick Bonino wins face-off versus Mike Zigomanis in neutral zone.
4:50 of 1st period - Wrist shot by Nick Bonino.
4:50 of 1st period - Shot Misses the Net.
5:44 of 1st period - Snap shot by Eric Tangradi.
5:44 of 1st period - Deflect By Jonathan Tremblay.
5:44 of 1st period - Shot Misses the Net.
5:44 of 1st period - Puck is out of play.
5:45 of 1st period - Milan Bartovic wins face-off versus Nick Shore in Rafales zone.
5:45 of 1st period - Milan Bartovic is hit by Logan Shaw.
5:51 of 1st period - Snap shot by Cody McLeod.
5:51 of 1st period - Shot Misses the Net.
5:54 of 1st period - Icing by Jan Hlavac.
5:55 of 1st period - Nick Shore wins face-off versus Mike Zigomanis in Mulligans zone.
6:01 of 1st period - Off-side.
6:02 of 1st period - Nick Bonino wins face-off versus Kevin Veilleux in neutral zone.
6:07 of 1st period - Icing by Mark Fayne.
6:08 of 1st period - Kevin Veilleux wins face-off versus Nick Bonino in Rafales zone.
6:20 of 1st period - Icing by Chris Neil.
6:21 of 1st period - Nick Bonino wins face-off versus Mike Zigomanis in Mulligans zone.
6:40 of 1st period - Minor Penalty to Milan Bartovic for High sticking.
6:41 of 1st period - Mike Zigomanis wins face-off versus Nick Bonino in Rafales zone.
6:51 of 1st period - Slapshot by Mike Zigomanis.
6:51 of 1st period - Stopped by Calvin Pickard without a rebound.
6:52 of 1st period - Nick Bonino wins face-off versus Mike Zigomanis in Mulligans zone.
8:13 of 1st period - Icing by Michael Del Zotto.
8:14 of 1st period - Nick Bonino wins face-off versus Ryan Bourque in Mulligans zone.
8:29 of 1st period - Jonathan Tremblay is hit by Mike Zigomanis and loses puck.
8:40 of 1st period - Penalty to Milan Bartovic is over, Milan Bartovic is back on ice.
9:27 of 1st period - Slapshot by Matt Donovan.
9:27 of 1st period - Deflect By Logan Shaw.
9:27 of 1st period - Shot Misses the Net.
9:27 of 1st period - Puck is out of play.
9:28 of 1st period - Mike Zigomanis wins face-off versus Anton Lander in Rafales zone.
9:55 of 1st period - Nathan Davis is hit by Nick Bonino.
9:59 of 1st period - Matt Beleskey is hit by Nathan Davis.
10:23 of 1st period - Drayson Bowman is hit by Kevin Veilleux and loses puck.
10:38 of 1st period - Slapshot by Cody Goloubef.
10:38 of 1st period - Stopped by John Gibson without a rebound.
10:39 of 1st period - Logan Shaw wins face-off versus Ryan Bourque in Rafales zone.
10:56 of 1st period - Snap shot by Jonathan Rheault.
10:56 of 1st period - Shot Misses the Net.
10:58 of 1st period - Snap shot by Ryan Bourque.
10:58 of 1st period - Deflect By Jeff Skinner.
10:58 of 1st period - Shot Blocked by Jan Hlavac.
10:58 of 1st period - Puck is out of play.
10:59 of 1st period - Anton Lander wins face-off versus Mike Zigomanis in Mulligans zone.
11:52 of 1st period - Snap shot by Jeff Skinner.
11:52 of 1st period - Stopped by Calvin Pickard without a rebound.
11:53 of 1st period - Mike Zigomanis wins face-off versus Anton Lander in Mulligans zone.
12:21 of 1st period - Minor Penalty to Nick Bonino for Slashing.
12:22 of 1st period - Tim Schaller wins face-off versus Mike Zigomanis in Mulligans zone.
13:07 of 1st period - Anton Lander is hit by Nathan Davis and loses puck.
13:48 of 1st period - Wrist shot by Eric Tangradi.
13:48 of 1st period - Stopped by John Gibson with a rebound.
14:21 of 1st period - Penalty to Nick Bonino is over, Nick Bonino is back on ice.
14:28 of 1st period - Backhand shot by Chris Neil.
14:28 of 1st period - Stopped by John Gibson with a rebound.
14:48 of 1st period - Jonas Junland is hit by Drayson Bowman and loses puck.
17:32 of 1st period - Marc-André Gragnani is hit by Logan Shaw and loses puck.
17:39 of 1st period - Wrist shot by Jan Hlavac.
17:39 of 1st period - Shot Misses the Net.
17:41 of 1st period - Snap shot by Logan Shaw.
17:41 of 1st period - Stopped by John Gibson with a rebound.
17:43 of 1st period - Snap shot by Jan Hlavac.
17:43 of 1st period - Stopped by John Gibson with a rebound.
17:45 of 1st period - Snap shot by Thomas Hickey.
17:45 of 1st period - Deflect By Logan Shaw.
17:45 of 1st period - Shot Blocked by Marc-André Gragnani.
17:45 of 1st period - Puck is out of play.
17:46 of 1st period - Nick Bonino wins face-off versus Jonathan Rheault in Rafales zone.
17:57 of 1st period - Wrist shot by Nick Bonino.
17:57 of 1st period - Stopped by John Gibson without a rebound.
17:58 of 1st period - Nathan Davis wins face-off versus Nick Bonino in Rafales zone.
19:02 of 1st period - Slapshot by Thomas Hickey.
19:02 of 1st period - Stopped by John Gibson with a rebound.
19:24 of 1st period - Wrist shot by Mike Sislo.
19:24 of 1st period - Stopped by Calvin Pickard without a rebound.
19:25 of 1st period - Nick Bonino wins face-off versus Nathan Davis in Mulligans zone.
19:32 of 1st period - Slapshot by Jonas Junland.
19:32 of 1st period - Shot Blocked by Matt Beleskey.
19:53 of 1st period - Off-side.
19:54 of 1st period - Milan Bartovic wins face-off versus Drayson Bowman in neutral zone.
Goals for this period are 0 for Rafales vs 1 for Mulligans.
Shots for this period are 7 for Rafales vs 11 for Mulligans.
2nd period
0:01 of 2nd period - Anton Lander wins face-off versus Mike Zigomanis in neutral zone.
0:06 of 2nd period - Slapshot by Eric Tangradi.
0:06 of 2nd period - Shot Misses the Net.
0:12 of 2nd period - Snap shot by Matt Gilroy.
0:12 of 2nd period - Stopped by Calvin Pickard without a rebound.
0:13 of 2nd period - Mike Zigomanis wins face-off versus Nick Bonino in Mulligans zone.
0:14 of 2nd period - Wrist shot by Cody McLeod.
0:14 of 2nd period - Deflect By Milan Bartovic.
0:14 of 2nd period - Goal by Milan Bartovic - Rafales : 1 - Mulligans : 1.
0:15 of 2nd period - Matt Beleskey wins face-off versus Mike Zigomanis in neutral zone.
0:22 of 2nd period - Wrist shot by Nick Bonino.
0:22 of 2nd period - Shot Misses the Net.
0:24 of 2nd period - Slapshot by Michael Del Zotto.
0:24 of 2nd period - Deflect By Nick Bonino.
0:24 of 2nd period - Shot Blocked by Connor Murphy.
0:24 of 2nd period - Puck is out of play.
0:25 of 2nd period - Nick Bonino wins face-off versus Mike Zigomanis in Rafales zone.
0:34 of 2nd period - Slapshot by Mike Zigomanis.
0:34 of 2nd period - Shot Misses the Net.
1:04 of 2nd period - Slapshot by Cody McLeod.
1:04 of 2nd period - Goal by Cody McLeod - Rafales : 2 - Mulligans : 1.
1:05 of 2nd period - Jonathan Rheault wins face-off versus Anton Lander in neutral zone.
1:16 of 2nd period - Snap shot by Jonathan Rheault.
1:16 of 2nd period - Stopped by Calvin Pickard with a rebound.
1:30 of 2nd period - Slapshot by Drayson Bowman.
1:30 of 2nd period - Stopped by John Gibson with a rebound.
1:54 of 2nd period - Slapshot by Jonas Junland.
1:54 of 2nd period - Shot Blocked by Matt Niskanen.
2:20 of 2nd period - Snap shot by Johan Ryno.
2:20 of 2nd period - Shot Blocked by Matt Niskanen.
2:36 of 2nd period - Slapshot by Connor Murphy.
2:36 of 2nd period - Stopped by Calvin Pickard with a rebound.
2:38 of 2nd period - Wrist shot by Jonathan Rheault.
2:38 of 2nd period - Stopped by Calvin Pickard with a rebound.
2:40 of 2nd period - Slapshot by Matt Gilroy.
2:40 of 2nd period - Deflect By Jonathan Rheault.
2:40 of 2nd period - Stopped by Calvin Pickard without a rebound.
2:41 of 2nd period - Anton Lander wins face-off versus Mike Zigomanis in Mulligans zone.
2:54 of 2nd period - Snap shot by Mike Zigomanis.
2:54 of 2nd period - Shot Misses the Net.
3:06 of 2nd period - Marc-André Gragnani is hit by Nick Bonino and loses puck.
3:11 of 2nd period - Wrist shot by Chris Neil.
3:11 of 2nd period - Shot Misses the Net.
3:13 of 2nd period - Snap shot by Chris Neil.
3:13 of 2nd period - Stopped by John Gibson without a rebound.
3:14 of 2nd period - Mike Zigomanis wins face-off versus Nick Bonino in Rafales zone.
3:29 of 2nd period - Wrist shot by Nick Bonino.
3:29 of 2nd period - Stopped by John Gibson with a rebound.
3:39 of 2nd period - Jonathan Tremblay is hit by Jeff Skinner and loses puck.
4:04 of 2nd period - Snap shot by Michael Del Zotto.
4:04 of 2nd period - Deflect By Jonathan Rheault.
4:04 of 2nd period - Stopped by John Gibson without a rebound.
4:05 of 2nd period - Nick Shore wins face-off versus Mike Zigomanis in Rafales zone.
4:30 of 2nd period - Willie Mitchell is hit by Logan Shaw and loses puck.
4:37 of 2nd period - Snap shot by Jan Hlavac.
4:37 of 2nd period - Stopped by John Gibson with a rebound.
4:44 of 2nd period - Off-side.
4:45 of 2nd period - Anton Lander wins face-off versus Kevin Veilleux in neutral zone.
4:48 of 2nd period - Wrist shot by Jonathan Tremblay.
4:48 of 2nd period - Shot Misses the Net.
5:19 of 2nd period - Snap shot by Mike Zigomanis.
5:19 of 2nd period - Stopped by Calvin Pickard with a rebound.
5:38 of 2nd period - Off-side.
5:39 of 2nd period - Mike Zigomanis wins face-off versus Anton Lander in neutral zone.
6:15 of 2nd period - Slapshot by Matt Niskanen.
6:15 of 2nd period - Deflect By Jan Hlavac.
6:15 of 2nd period - Stopped by John Gibson with a rebound.
6:21 of 2nd period - Michael Del Zotto is hit by Cody McLeod and loses puck.
6:35 of 2nd period - Slapshot by Mike Zigomanis.
6:35 of 2nd period - Shot Misses the Net.
6:37 of 2nd period - Snap shot by Willie Mitchell.
6:37 of 2nd period - Shot Blocked by Matt Niskanen.
6:39 of 2nd period - Slapshot by Willie Mitchell.
6:39 of 2nd period - Shot Blocked by Michael Del Zotto.
6:41 of 2nd period - Wrist shot by Milan Bartovic.
6:41 of 2nd period - Shot Misses the Net.
6:43 of 2nd period - Slapshot by Willie Mitchell.
6:43 of 2nd period - Stopped by Calvin Pickard with a rebound.
6:45 of 2nd period - Wrist shot by Mike Zigomanis.
6:45 of 2nd period - Shot Misses the Net.
6:47 of 2nd period - Slapshot by Willie Mitchell.
6:47 of 2nd period - Stopped by Calvin Pickard without a rebound.
6:48 of 2nd period - Anton Lander wins face-off versus Ryan Bourque in Mulligans zone.
7:26 of 2nd period - Icing by Matt Donovan.
7:27 of 2nd period - Nick Bonino wins face-off versus Kevin Veilleux in Mulligans zone.
7:38 of 2nd period - Snap shot by Nick Bonino.
7:38 of 2nd period - Shot Blocked by Mark Fayne.
7:40 of 2nd period - Wrist shot by Nick Bonino.
7:40 of 2nd period - Stopped by John Gibson with a rebound.
7:42 of 2nd period - Slapshot by Matt Donovan.
7:42 of 2nd period - Stopped by John Gibson without a rebound.
7:43 of 2nd period - Tim Schaller wins face-off versus Ryan Bourque in Rafales zone.
7:50 of 2nd period - Slapshot by Tim Schaller.
7:50 of 2nd period - Shot Blocked by Connor Murphy.
7:52 of 2nd period - Snap shot by Jordan Szwarz.
7:52 of 2nd period - Deflect By Drayson Bowman.
7:52 of 2nd period - Stopped by John Gibson with a rebound.
8:11 of 2nd period - Off-side.
8:12 of 2nd period - Nick Bonino wins face-off versus Mike Zigomanis in neutral zone.
9:27 of 2nd period - Michael Del Zotto is hit by Kevin Veilleux and loses puck.
9:42 of 2nd period - Slapshot by Michael Bournival.
9:42 of 2nd period - Shot Misses the Net.
10:05 of 2nd period - Wrist shot by Cody McLeod.
10:05 of 2nd period - Stopped by Calvin Pickard with a rebound.
10:19 of 2nd period - Jonathan Rheault is hit by Matt Beleskey.
10:49 of 2nd period - Tim Schaller is hit by Jonas Junland and loses puck.
11:04 of 2nd period - Snap shot by Nathan Davis.
11:04 of 2nd period - Stopped by Calvin Pickard without a rebound.
11:05 of 2nd period - Logan Shaw wins face-off versus Mike Sislo in Mulligans zone.
11:36 of 2nd period - Off-side.
11:37 of 2nd period - Anton Lander wins face-off versus Milan Bartovic in neutral zone.
11:50 of 2nd period - Slapshot by Michael Del Zotto.
11:50 of 2nd period - Shot Misses the Net.
11:52 of 2nd period - Slapshot by Michael Del Zotto.
11:52 of 2nd period - Shot Misses the Net.
11:54 of 2nd period - Snap shot by Michael Del Zotto.
11:54 of 2nd period - Deflect By Jonathan Tremblay.
11:54 of 2nd period - Stopped by John Gibson without a rebound.
11:55 of 2nd period - Nick Bonino wins face-off versus Ryan Bourque in Rafales zone.
13:01 of 2nd period - Snap shot by Johan Ryno.
13:01 of 2nd period - Goal by Johan Ryno - Rafales : 3 - Mulligans : 1.
13:02 of 2nd period - Nick Bonino wins face-off versus Milan Bartovic in neutral zone.
13:05 of 2nd period - Willie Mitchell is hit by Nick Bonino and loses puck.
13:18 of 2nd period - Snap shot by Cody McLeod.
13:18 of 2nd period - Shot Misses the Net.
13:28 of 2nd period - Willie Mitchell is hit by Jonathan Tremblay and loses puck.
13:39 of 2nd period - Anton Lander is hit by Willie Mitchell and loses puck.
14:22 of 2nd period - Snap shot by Tim Schaller.
14:22 of 2nd period - Shot Blocked by Tim Crowder.
14:55 of 2nd period - Jonathan Rheault is hit by Cody Goloubef and loses puck.
15:33 of 2nd period - Johan Ryno is hit by Cade Fairchild and loses puck.
15:34 of 2nd period - Johan Ryno from Rafales is injured at 15:34 of 2nd period (Left Foot).
15:35 of 2nd period - Nick Bonino wins face-off versus Mike Zigomanis in Rafales zone.
16:06 of 2nd period - Slapshot by Eric Tangradi.
16:06 of 2nd period - Goal by Eric Tangradi - Rafales : 3 - Mulligans : 2.
16:07 of 2nd period - Mike Zigomanis wins face-off versus Nick Bonino in neutral zone.
16:32 of 2nd period - Matt Gilroy is hit by Jordan Szwarz and loses puck.
17:26 of 2nd period - Wrist shot by Michael Bournival.
17:26 of 2nd period - Shot Misses the Net.
17:28 of 2nd period - Slapshot by Marc-André Gragnani.
17:28 of 2nd period - Stopped by Calvin Pickard without a rebound.
17:29 of 2nd period - Ryan Bourque wins face-off versus Nick Bonino in Mulligans zone.
17:34 of 2nd period - Snap shot by Ryan Bourque.
17:34 of 2nd period - Shot Misses the Net.
17:36 of 2nd period - Snap shot by Mark Fayne.
17:36 of 2nd period - Stopped by Calvin Pickard without a rebound.
17:37 of 2nd period - Nick Bonino wins face-off versus Ryan Bourque in Mulligans zone.
17:42 of 2nd period - Snap shot by Chris Neil.
17:42 of 2nd period - Shot Blocked by Matt Gilroy.
17:49 of 2nd period - Off-side.
17:50 of 2nd period - Anton Lander wins face-off versus Mike Zigomanis in neutral zone.
18:03 of 2nd period - Snap shot by Cody McLeod.
18:03 of 2nd period - Stopped by Calvin Pickard without a rebound.
18:04 of 2nd period - Mike Zigomanis wins face-off versus Nick Bonino in Mulligans zone.
18:33 of 2nd period - Snap shot by Thomas Hickey.
18:33 of 2nd period - Shot Blocked by Jonathan Rheault.
18:35 of 2nd period - Snap shot by Anton Lander.
18:35 of 2nd period - Shot Misses the Net.
18:37 of 2nd period - Slapshot by Matt Donovan.
18:37 of 2nd period - Shot Blocked by Connor Murphy.
18:39 of 2nd period - Snap shot by Anton Lander.
18:39 of 2nd period - Stopped by John Gibson with a rebound.
18:41 of 2nd period - Slapshot by Matt Donovan.
18:41 of 2nd period - Stopped by John Gibson with a rebound.
18:43 of 2nd period - Slapshot by Eric Tangradi.
18:43 of 2nd period - Stopped by John Gibson without a rebound.
18:44 of 2nd period - Mike Zigomanis wins face-off versus Tim Schaller in Rafales zone.
19:32 of 2nd period - Snap shot by Mike Sislo.
19:32 of 2nd period - Stopped by Calvin Pickard without a rebound.
19:33 of 2nd period - Nathan Davis wins face-off versus Anton Lander in Mulligans zone.
19:38 of 2nd period - Snap shot by Tim Crowder.
19:38 of 2nd period - Stopped by Calvin Pickard without a rebound.
19:39 of 2nd period - Mike Zigomanis wins face-off versus Nick Bonino in Mulligans zone.
Goals for this period are 3 for Rafales vs 1 for Mulligans.
Shots for this period are 18 for Rafales vs 14 for Mulligans.
3rd period
0:01 of 3rd period - Mike Zigomanis wins face-off versus Anton Lander in neutral zone.
0:12 of 3rd period - Slapshot by Milan Bartovic.
0:12 of 3rd period - Stopped by Calvin Pickard with a rebound.
0:34 of 3rd period - Snap shot by Mike Sislo.
0:34 of 3rd period - Stopped by Calvin Pickard with a rebound.
0:36 of 3rd period - Minor Penalty to Michael Del Zotto for Holding.
0:37 of 3rd period - Tim Schaller wins face-off versus Mike Zigomanis in Mulligans zone.
1:08 of 3rd period - Backhand shot by Jeff Skinner.
1:08 of 3rd period - Stopped by Calvin Pickard without a rebound.
1:09 of 3rd period - Nathan Davis wins face-off versus Tim Schaller in Mulligans zone.
1:34 of 3rd period - Slapshot by Jonas Junland.
1:34 of 3rd period - Goal by Jonas Junland - Rafales : 4 - Mulligans : 2.
1:35 of 3rd period - Mike Zigomanis wins face-off versus Anton Lander in neutral zone.
1:42 of 3rd period - Slapshot by Milan Bartovic.
1:42 of 3rd period - Shot Misses the Net.
1:44 of 3rd period - Snap shot by Milan Bartovic.
1:44 of 3rd period - Stopped by Calvin Pickard without a rebound.
1:45 of 3rd period - Jonathan Tremblay wins face-off versus Mike Zigomanis in Mulligans zone.
2:06 of 3rd period - Matt Gilroy is hit by Jonathan Tremblay and loses puck.
2:14 of 3rd period - Slapshot by Connor Murphy.
2:14 of 3rd period - Shot Misses the Net.
2:16 of 3rd period - Slapshot by Matt Gilroy.
2:16 of 3rd period - Stopped by Calvin Pickard with a rebound.
2:18 of 3rd period - Backhand shot by Mike Zigomanis.
2:18 of 3rd period - Stopped by Calvin Pickard without a rebound.
2:19 of 3rd period - Nick Bonino wins face-off versus Ryan Bourque in Mulligans zone.
2:32 of 3rd period - Wrist shot by Nick Bonino.
2:32 of 3rd period - Deflect By Chris Neil.
2:32 of 3rd period - Stopped by John Gibson without a rebound.
2:33 of 3rd period - Nathan Davis wins face-off versus Tim Schaller in Rafales zone.
2:40 of 3rd period - Slapshot by Matt Donovan.
2:40 of 3rd period - Shot Misses the Net.
2:42 of 3rd period - Slapshot by Tim Schaller.
2:42 of 3rd period - Stopped by John Gibson without a rebound.
2:43 of 3rd period - Tim Schaller wins face-off versus Nathan Davis in Rafales zone.
2:46 of 3rd period - Backhand shot by Drayson Bowman.
2:46 of 3rd period - Stopped by John Gibson without a rebound.
2:47 of 3rd period - Mike Zigomanis wins face-off versus Nick Bonino in Rafales zone.
2:59 of 3rd period - Wrist shot by Chris Neil.
2:59 of 3rd period - Stopped by John Gibson without a rebound.
3:00 of 3rd period - Mike Zigomanis wins face-off versus Matt Beleskey in Rafales zone.
3:34 of 3rd period - Ryan Bourque is hit by Jordan Szwarz.
3:52 of 3rd period - Matt Donovan is hit by Nathan Davis and loses puck.
4:06 of 3rd period - Icing by Cody Goloubef.
4:07 of 3rd period - Kevin Veilleux wins face-off versus Eric Tangradi in Mulligans zone.
4:20 of 3rd period - Snap shot by Michael Bournival.
4:20 of 3rd period - Deflect By Kevin Veilleux.
4:20 of 3rd period - Stopped by Calvin Pickard with a rebound.
4:32 of 3rd period - Cody McLeod is hit by Nick Bonino.
4:42 of 3rd period - Snap shot by Chris Neil.
4:42 of 3rd period - Stopped by John Gibson with a rebound.
4:57 of 3rd period - Slapshot by Thomas Hickey.
4:57 of 3rd period - Stopped by John Gibson without a rebound.
4:58 of 3rd period - Anton Lander wins face-off versus Ryan Bourque in Rafales zone.
5:40 of 3rd period - Minor Penalty to Matt Beleskey for Roughing.
5:41 of 3rd period - Mike Zigomanis wins face-off versus Tim Schaller in Mulligans zone.
6:16 of 3rd period - Tim Schaller is hit by Connor Murphy and loses puck.
6:29 of 3rd period - Wrist shot by Jan Hlavac.
6:29 of 3rd period - Stopped by John Gibson with a rebound.
6:31 of 3rd period - Snap shot by Drayson Bowman.
6:31 of 3rd period - Stopped by John Gibson with a rebound.
6:33 of 3rd period - Slapshot by Drayson Bowman.
6:33 of 3rd period - Shot Misses the Net.
6:53 of 3rd period - Slapshot by Jonas Junland.
6:53 of 3rd period - Stopped by Calvin Pickard with a rebound.
7:37 of 3rd period - Icing by Matt Gilroy.
7:38 of 3rd period - Mike Zigomanis wins face-off versus Chris Neil in Rafales zone.
7:40 of 3rd period - Penalty to Matt Beleskey is over, Matt Beleskey is back on ice.
8:11 of 3rd period - Matt Gilroy is hit by Nick Bonino and loses puck.
9:01 of 3rd period - Wrist shot by Cody McLeod.
9:01 of 3rd period - Shot Blocked by Logan Shaw.
9:03 of 3rd period - Snap shot by Mike Zigomanis.
9:03 of 3rd period - Stopped by Calvin Pickard without a rebound.
9:04 of 3rd period - Nick Bonino wins face-off versus Mike Zigomanis in Mulligans zone.
9:06 of 3rd period - Minor Penalty to Matt Beleskey for Hooking.
9:07 of 3rd period - Tim Schaller wins face-off versus Mike Zigomanis in Mulligans zone.
11:06 of 3rd period - Penalty to Matt Beleskey is over, Matt Beleskey is back on ice.
11:35 of 3rd period - Icing by Tim Crowder.
11:36 of 3rd period - Tim Schaller wins face-off versus Kevin Veilleux in Rafales zone.
11:55 of 3rd period - Willie Mitchell is hit by Oliver Lauridsen.
12:31 of 3rd period - Slapshot by Tim Schaller.
12:31 of 3rd period - Stopped by John Gibson with a rebound.
12:33 of 3rd period - Slapshot by Matt Niskanen.
12:33 of 3rd period - Shot Misses the Net.
12:45 of 3rd period - Snap shot by Tim Crowder.
12:45 of 3rd period - Stopped by Calvin Pickard with a rebound.
12:47 of 3rd period - Slapshot by Matt Gilroy.
12:47 of 3rd period - Stopped by Calvin Pickard with a rebound.
12:49 of 3rd period - Minor Penalty to Logan Shaw for Roughing.
12:50 of 3rd period - Tim Schaller wins face-off versus Mike Zigomanis in Mulligans zone.
13:17 of 3rd period - Tim Schaller is hit by Jonas Junland and loses puck.
13:30 of 3rd period - Matt Gilroy is hit by Cade Fairchild and loses puck.
13:53 of 3rd period - Snap shot by Cody McLeod.
13:53 of 3rd period - Goal by Cody McLeod - Rafales : 5 - Mulligans : 2.
13:54 of 3rd period - Nick Bonino wins face-off versus Mike Zigomanis in neutral zone.
14:19 of 3rd period - Jeff Skinner is hit by Eric Tangradi and loses puck.
14:46 of 3rd period - Backhand shot by Tim Schaller.
14:46 of 3rd period - Stopped by John Gibson with a rebound.
14:48 of 3rd period - Slapshot by Drayson Bowman.
14:48 of 3rd period - Shot Blocked by Mike Zigomanis.
14:50 of 3rd period - Snap shot by Drayson Bowman.
14:50 of 3rd period - Goal by Drayson Bowman - Rafales : 5 - Mulligans : 3.
14:51 of 3rd period - Nick Bonino wins face-off versus Mike Zigomanis in neutral zone.
15:18 of 3rd period - Jordan Szwarz is hit by Matt Gilroy and loses puck.
15:39 of 3rd period - Wrist shot by Jonathan Rheault.
15:39 of 3rd period - Stopped by Calvin Pickard without a rebound.
15:40 of 3rd period - Nick Shore wins face-off versus Ryan Bourque in Mulligans zone.
16:20 of 3rd period - Snap shot by Michael Del Zotto.
16:20 of 3rd period - Deflect By Logan Shaw.
16:20 of 3rd period - Goal by Logan Shaw - Rafales : 5 - Mulligans : 4.
16:21 of 3rd period - Jordan Szwarz wins face-off versus Nathan Davis in neutral zone.
16:26 of 3rd period - Slapshot by Matt Niskanen.
16:26 of 3rd period - Deflect By Matt Gilroy.
16:26 of 3rd period - Stopped by John Gibson without a rebound.
16:27 of 3rd period - Drayson Bowman wins face-off versus Mike Sislo in Rafales zone.
16:56 of 3rd period - Slapshot by Michael Del Zotto.
16:56 of 3rd period - Stopped by John Gibson with a rebound.
17:18 of 3rd period - Wrist shot by Eric Tangradi.
17:18 of 3rd period - Stopped by John Gibson without a rebound.
17:19 of 3rd period - Nathan Davis wins face-off versus Tim Schaller in Rafales zone.
17:32 of 3rd period - Wrist shot by Nathan Davis.
17:32 of 3rd period - Shot Blocked by Matt Donovan.
17:44 of 3rd period - Milan Bartovic is hit by Matt Beleskey and loses puck.
17:49 of 3rd period - Wrist shot by Nick Bonino.
17:49 of 3rd period - Stopped by John Gibson with a rebound.
17:51 of 3rd period - Snap shot by Chris Neil.
17:51 of 3rd period - Shot Blocked by Cody McLeod.
17:53 of 3rd period - Slapshot by Oliver Lauridsen.
17:53 of 3rd period - Shot Misses the Net.
18:09 of 3rd period - Oliver Lauridsen is hit by Willie Mitchell and loses puck.
18:22 of 3rd period - Slapshot by Cody McLeod.
18:22 of 3rd period - Stopped by Calvin Pickard with a rebound.
18:39 of 3rd period - Wrist shot by Jan Hlavac.
18:39 of 3rd period - Stopped by John Gibson with a rebound.
18:41 of 3rd period - Slapshot by Jan Hlavac.
18:41 of 3rd period - Shot Misses the Net.
18:43 of 3rd period - Slapshot by Cade Fairchild.
18:43 of 3rd period - Stopped by John Gibson without a rebound.
18:44 of 3rd period - Nathan Davis wins face-off versus Tim Schaller in Rafales zone.
18:56 of 3rd period - Off-side.
18:57 of 3rd period - Andy Murray call a timeout for Mulligans.
18:57 of 3rd period - Nick Bonino wins face-off versus Mike Zigomanis in neutral zone.
19:00 of 3rd period - Mulligans, Calvin Pickard is pulled from the net.
19:22 of 3rd period - Snap shot by Milan Bartovic.
19:22 of 3rd period - Goal by Milan Bartovic - Rafales : 6 - Mulligans : 4.
19:22 of 3rd period - Calvin Pickard from Mulligans was sent back in the game.
19:23 of 3rd period - Tim Schaller wins face-off versus Nathan Davis in neutral zone.
19:32 of 3rd period - Slapshot by Jordan Szwarz.
19:32 of 3rd period - Shot Misses the Net.
19:40 of 3rd period - Michael Del Zotto is hit by Matt Gilroy and loses puck.
19:57 of 3rd period - Wrist shot by Tim Schaller.
19:57 of 3rd period - Stopped by John Gibson with a rebound.
19:59 of 3rd period - Wrist shot by Jonathan Tremblay.
19:59 of 3rd period - Stopped by John Gibson with a rebound.
Goals for this period are 3 for Rafales vs 2 for Mulligans.
Shots for this period are 16 for Rafales vs 20 for Mulligans.
Back to the Top